AoeStats
← HR Pinkman

African Clearing

505131638Analyzed
4v4 RM · 24d ago on Sep 8, 2026· 50m 35s· 8 players
Game mode
Random Map
Map size
Large (8 player)
Population
200
Speed
Normal
Resources
Standard
Victory
Conquest
Starting age
Dark Age
Ending age
Imperial Age
RankedLock teamsTeams togetherTeam positionsShared explorationLock speedFull tech treeHidden civsTurbo modeCheats
Victory
Defeat
🇺🇸 Gurjaras · United States
1945
+5
🇺🇸 Mongols · United States
1910
+7
🇨🇦 Lithuanians · Canada
1881
+6
🇩🇪 Burgundians · Germany
1738
+12
🇨🇱 Huns · Chile
1863
-14
🇨🇱 Persians · Chile
1722
-8
🇨🇱 Spanish · Chile
1675
-7
🇨🇱 Koreans · Chile
1277
-1
FYI Inc
8:55 Loom
12:06 Feudal Age
12:42 Feudal Age
13:50 Town Watch
16:51 Castle Age
14:46 Double-Bit Axe
16:56 Fletching
18:05 Bow Saw
21:10 Horse Collar
28:23 Bodkin Arrow
35:10 Husbandry
35:15 Padded Archer Armor
37:58 Ballistics
38:27 Bloodlines
42:07 Gold Mining
48:34 Wheelbarrow
49:11 Leather Archer Armor
50:42 Gold Shaft Mining
50:54 Wheelbarrow
FYI influ
9:09 Loom
13:06 Feudal Age
13:35 Town Watch
42:26 Horse Collar
44:00 Wheelbarrow
43:50 Double-Bit Axe
50:13 Castle Age
mentalist_
12:30 Feudal Age
13:42 Feudal Age
13:21 Loom
17:22 Castle Age
16:01 Double-Bit Axe
18:01 Forging
24:32 Wheelbarrow
24:13 Husbandry
23:59 Horse Collar
24:59 Scale Barding Armor
26:41 Stone Mining
26:42 Town Watch
28:06 Bloodlines
29:11 Chain Barding Armor
29:54 Bow Saw
29:37 Gold Mining
33:23 Padded Archer Armor
33:14 Fletching
36:47 Imperial Age
34:39 Heavy Plow
35:51 Ballistics
35:27 Bodkin Arrow
36:10 Iron Casting
38:11 Plate Barding Armor
37:50 Capped Ram
39:04 Conscription
40:27 Elite Leitis
42:21 Bodkin Arrow
42:09 Treadmill Crane
45:34 Two-Man Saw
45:05 Crop Rotation
45:23 Bracer
47:45 Chemistry
46:46 Padded Archer Armor
47:29 Devotion
49:10 Stone Shaft Mining
Pummeluff
6:40 Loom
9:16 Double-Bit Axe
13:34 Feudal Age
14:30 Bow Saw
16:02 Wheelbarrow
15:48 Horse Collar
16:03 Town Watch
18:03 Gold Mining
19:34 Scale Mail Armor
20:45 Hand Cart
23:55 Fletching
26:58 Castle Age
25:51 Stone Mining
26:27 Fletching
26:47 Heavy Plow
27:42 Squires
28:11 Chain Mail Armor
30:53 Forging
36:49 Scale Barding Armor
37:05 Burgundian Vineyards
39:55 Gold Shaft Mining
42:06 Imperial Age
40:01 Bodkin Arrow
40:51 Gold Shaft Mining
41:04 Stone Shaft Mining
41:03 Crop Rotation
42:22 Two-Man Saw
41:46 Scale Barding Armor
43:10 Conscription
43:13 Chain Barding Armor
43:07 Husbandry
44:15 Iron Casting
45:00 Plate Barding Armor
44:42 Elite Coustillier
48:05 Plate Barding Armor
48:39 Chemistry
49:43 Blast Furnace
49:03 Bracer
48:48 Treadmill Crane
49:26 Guilds
50:16 Hoardings
50:06 Ballistics
49:57 Masonry
50:37 Town Patrol
50:35 Murder Holes
HR Fast_PIG
5:52 Loom
14:06 Feudal Age
17:58 Castle Age
16:54 Double-Bit Axe
17:01 Fletching
17:43 Gold Mining
18:59 Husbandry
19:52 Bodkin Arrow
24:31 Wheelbarrow
24:31 Ballistics
30:58 Wheelbarrow
33:56 Town Watch
44:05 Gold Shaft Mining
50:43 Imperial Age
49:44 Fortified Wall
49:46 Masonry
49:31 Murder Holes
HR Pinkman
9:10 Loom
11:36 Feudal Age
12:54 Double-Bit Axe
15:57 Fletching
15:50 Horse Collar
21:11 Castle Age
21:48 Bodkin Arrow
21:13 Crossbowman
27:18 Ballistics
32:22 Bow Saw
36:55 Wheelbarrow
39:17 Padded Archer Armor
40:23 Bloodlines
40:14 Husbandry
42:24 Thumb Ring
47:04 Imperial Age
47:51 Bracer
49:12 Chemistry
HR 2666
4:05 Loom
12:31 Feudal Age
13:04 Double-Bit Axe
16:26 Fletching
25:38 Horse Collar
30:26 Wheelbarrow
33:32 Castle Age
34:29 Bow Saw
34:41 Heavy Plow
36:24 Town Watch
43:03 Husbandry
46:31 Padded Archer Armor
HR RYGE
5:50 Loom
12:15 Feudal Age
13:01 Double-Bit Axe
14:41 Forging
20:03 Scale Barding Armor
25:25 Castle Age
23:46 Gold Mining
30:34 Bloodlines
30:24 Husbandry
35:37 Wheelbarrow
Connection lost

Rejoining the realm…

Still unreachable

The connection could not be restored.

Session expired

The server has moved on; the page needs a fresh start.